 Dungeon Crawl Stone Soup version 0.28-a0-803-g74956062c1 (webtiles) character file.

Game seed: 12460797337052690683

910 Essalna the Firebug (level 7, 0/46 HPs)
             Began as a Demonspawn Fire Elementalist on Nov 7, 2021.
             Slain by a gnoll (1 damage)
             ... on level 6 of the Dungeon.
             The game lasted 00:11:10 (7017 turns).

Essalna the Firebug (Demonspawn Fire Elementalist)  Turns: 7017, Time: 00:11:10

Health: 0/46       AC:  5    Str:  8    XL:     7   Next: 81%
Magic:  14/14      EV: 12    Int: 19    God:
Gold:   261        SH:  0    Dex: 13    Spells: 13/16 levels left

rFire   . . .      SeeInvis .   d - +3 hand axe (vorpal)
rCold   . . .      Faith    .   (no shield)
rNeg    . . .      Spirit   .   a - +0 robe
rPois   .          Reflect  .   (helmet restricted)
rElec   .          Harm     .   (no cloak)
rCorr   .          Rampage  +   (no gloves)
Will    .....                   p - +2 pair of boots {rampage}
Stlth   ++........              (no amulet)
HPRegen 0.15/turn               (no ring)
MPRegen 0.14/turn               (no ring)

@: no status effects
A: antennae 1, hooves 1, demonic touch 2
a: no special abilities


You were on level 6 of the Dungeon.
You visited 1 branch of the dungeon, and saw 6 of its levels.
You also visited: Ossuary.

You collected 261 gold pieces.

Inventory:

Hand Weapons
 b - a +0 dagger
 d - a +3 vorpal hand axe (weapon)
Armour
 a - a +0 robe (worn)
 p - a +2 pair of boots of rampaging (worn)
Wands
 q - a wand of mindburst (8)
Scrolls
 c - a scroll of identify
 e - a scroll of enchant weapon
 j - a scroll of enchant armour {unknown}
 l - 3 scrolls of teleportation
 o - 2 scrolls of amnesia {unknown}
Potions
 f - 2 potions of ambrosia
 g - a potion of lignification {unknown}
 h - 2 potions of invisibility
 i - 3 potions of flight {unknown}
 k - a potion of degeneration {unknown}
 m - 2 potions of brilliance {unknown}
 n - a potion of attraction {unknown}


   Skills:
 - Level 1.7 Dodging
 - Level 1.7 Stealth
 + Level 5.0 Spellcasting
 + Level 5.1 Conjurations
 + Level 5.4 Fire Magic


You had 13 spell levels left.
You knew the following spells:

 Your Spells              Type           Power      Damage    Failure   Level
a - Foxfire               Conj/Fire      96%        2x1d8     1%          1
b - Scorch                Fire           50%        2d7       1%          2

Your spell library contained the following spells:

 Spells                   Type           Power      Damage    Failure   Level
 Conjure Flame            Conj/Fire      24%        6-21      4%          3
 Inner Flame              Hex/Fire       15%        N/A       12%         3
 Flame Wave               Conj/Fire      24%        3d6       14%         4


Dungeon Overview and Level Annotations

Branches:
Dungeon (6/15)            Ossuary (visited)
 Temple: D:4-7

Altars:


Innate Abilities, Weirdness & Mutations

You have a pair of small antennae on your head.
You have large cloven feet.
Your touch may inflict irresistible damage on your foes.


Message History

A gnoll comes into view. It is wielding a +0 club.
The gnoll shouts!
You hit the gnoll. Your touch misses the gnoll.
The gnoll is heavily wounded.
The gnoll hits you with a +1 flail of holy wrath!
You convulse!
An ogre comes into view. It is wielding a +0 giant spiked club.
You hit the gnoll.
You kill the gnoll!
The gnoll hits you but does no damage. The gnoll hits you but does no damage.
The gnoll barely misses you. The gnoll barely misses you.
The gnoll hits you but does no damage. The gnoll hits you with a +0 club.
The gnoll hits you with a +0 club. The gnoll closely misses you.
The gnoll barely misses you. The gnoll barely misses you.
The gnoll hits you but does no damage. The gnoll hits you with a +0 club.
The gnoll closely misses you. The gnoll barely misses you.
The gnoll closely misses you. The gnoll hits you but does no damage.
The gnoll closely misses you. The gnoll hits you with a +0 club!
* * * LOW HITPOINT WARNING * * *
The gnoll hits you but does no damage. The gnoll hits you with a +0 club.
* * * LOW HITPOINT WARNING * * *
The gnoll barely misses you. The gnoll barely misses you.
The gnoll hits you with a +0 club.
* * * LOW HITPOINT WARNING * * *
The gnoll barely misses you. The gnoll hits you with a +0 club.
* * * LOW HITPOINT WARNING * * *
The gnoll hits you with a +0 club.
You die...

#### #..
#.#####.#
#<......#
#@#######
#g#


.gO ####. .# # You could see an ogre and 2 gnolls.

Vanquished Creatures
  Menkaure (Ossuary)
  2 water moccasins (D:5)
  A scorpion (D:5)
  A water moccasin zombie (D:5)
  A water moccasin skeleton (D:5)
  A howler monkey (D:5)
  A jelly (D:5)
  2 hounds
  A scorpion zombie (D:5)
  An iguana (D:4)
  2 hound zombies (D:5)
  3 mummies (Ossuary)
  Robin (D:3)
  5 adders
  A gnoll (D:6)
  An adder zombie (D:5)
  An adder skeleton (D:4)
  A worm (D:2)
  3 dart slugs
  5 orcs
  3 ball pythons
  An endoplasm (D:4)
  2 giant cockroaches
  7 gnoll zombies (Ossuary)
  7 hobgoblins
  3 jackals (D:2)
  3 quokkas
  5 bats
  A frilled lizard (D:2)
  3 gnoll skeletons (Ossuary)
  13 goblins
  2 goblin skeletons (Ossuary)
  5 goblin zombies (Ossuary)
  3 hobgoblin skeletons (Ossuary)
  4 hobgoblin zombies (Ossuary)
  4 kobolds
  3 kobold skeletons (Ossuary)
  3 kobold zombies (Ossuary)
  5 orc skeletons (Ossuary)
  4 orc zombies (Ossuary)
  A quokka skeleton (D:4)
  6 rats
  9 rat skeletons (Ossuary)
  2 rat zombies (Ossuary)
134 creatures vanquished.

Vanquished Creatures (others)
  219 foxfires
219 creatures vanquished.

Grand Total: 353 creatures vanquished

Notes
Turn   | Place    | Note
-------+----------+-------------------------------------------
     0 | D:1      | Essalna the Demonspawn Fire Elementalist began the quest
                  | for the Orb.
     0 | D:1      | Reached XP level 1. HP: 13/13 MP: 3/3
   508 | D:1      | Discovered your monstrous ancestry.
   508 | D:1      | Gained mutation: You have a pair of small antennae on your
                  | head. [demonic ancestry]
   508 | D:1      | Reached XP level 2. HP: 19/19 MP: 3/5
  1863 | D:2      | Gained mutation: Your touch may inflict minor irresistible
                  | damage on your foes. [demonic ancestry]
  1863 | D:2      | Reached XP level 3. HP: 24/24 MP: 6/6
  2462 | D:3      | Noticed Robin
  2688 | D:3      | Learned a level 2 spell: Scorch
  2737 | D:3      | Killed Robin
  3063 | D:3      | Reached XP level 4. HP: 30/30 MP: 5/8
  3756 | D:4      | Gained mutation: Your touch may inflict irresistible damage
                  | on your foes. [demonic ancestry]
  3756 | D:4      | Reached XP level 5. HP: 35/35 MP: 4/9
  4520 | D:5      | Entered Level 5 of the Dungeon
  4777 | D:5      | Noticed a water moccasin
  4817 | D:5      | Killed a water moccasin
  4818 | D:5      | Gained mutation: You have large cloven feet. [demonic
                  | ancestry]
  4818 | D:5      | Reached XP level 6. HP: 41/41 MP: 4/11
  4850 | D:5      | Found a sand-covered staircase.
  4859 | Ossuary  | Entered an ossuary
  5486 | Ossuary  | Noticed Menkaure
  5490 | Ossuary  | Killed Menkaure
  5491 | Ossuary  | Reached XP level 7. HP: 17/46 MP: 4/13
  5994 | D:5      | Reached skill level 5 in Fire Magic
  6550 | D:5      | Reached skill level 5 in Conjurations
  6856 | D:5      | Reached skill level 5 in Spellcasting
  7016 | D:6      | HP: 1/46 [gnoll (4)]
  7017 | D:6      | Slain by a gnoll

Illustrated notes

Levels and vault maps discovered:
D:1:      lightli_arrival_chessboard, layout_loops_corners
D:2:      layout_loops_ring, lemuel_old_faithful
D:3:      layout_loops_ring, amcnicky_mini_corridor_feature, uniq_robin
D:4:      layout_gridville
D:5:      minmay_spotlight, layout_gridville, nicolae_ossuary_entry_monument,
          minmay_misc_feat_square
D:6:      minmay_chambers_of_sixes, layout_basic, nrook_mini_vaults,
          kennysheep_generic_room_9

Skill      XL: |  1  2  3  4  5  6  7 |
---------------+----------------------+-----
Fire Magic     | 3 4 5 |  5.4
Conjurations   | 2 3 4 5 |  5.1
Spellcasting   | 3 4 5 |  5.0
Dodging        | |  1.7
Stealth        | |  1.7

Action                   |  1- 3 |  4- 6 |  7- 9 || total
-------------------------+-------+-------+-------++-------
Melee: Dagger            |     8 |       |       ||     8
       Unarmed           |     1 |       |       ||     1
       Hand axe          |    37 |   115 |    31 ||   183
       Touch             |     2 |    22 |     2 ||    26
       Kick              |       |    24 |       ||    24
 Cast: Foxfire           |    60 |    36 |    37 ||   133
       Scorch            |       |     9 |     7 ||    16
  Use: Scroll            |       |     7 |       ||     7
 Stab: Sleeping          |     2 |     3 |       ||     5
       Distracted        |       |     1 |       ||     1
Armor: Robe              |     5 |    16 |    19 ||    40
Dodge: Dodged            |    31 |    50 |    59 ||   140

Table legend: (Time is in decaauts)
 A = Elapsed time spent in this place.
 B = Non-inter-level travel time spent in this place.
 C = Inter-level travel time spent in this place.
 D = Time resting spent in this place.
 E = Time spent auto-exploring this place.
 F = Levels seen in this place.
 G = Mean time per level.
                   A        B        C        D        E       F      G
               +--------+--------+--------+--------+--------+-----+--------+
         Total |   7072 |   6909 |    163 |      0 |   5845 |   7 | 1010.3 |
       Dungeon |   6086 |   5923 |    163 |      0 |   5176 |   6 | 1014.3 |
       Ossuary |    986 |    986 |      0 |      0 |    669 |   1 |  986.0 |
               +--------+--------+--------+--------+--------+-----+--------+

Top non-repeatable levels by time:
     D:5: 1516 daAuts
     D:4: 1253 daAuts
     D:1: 1242 daAuts
     D:3: 1068 daAuts
 Ossuary: 986 daAuts
     D:2: 973 daAuts
     D:6: 31 daAuts
